 Dungeon Crawl Stone Soup version 0.26-a0-415-g2a9615731a (webtiles) character file.

Game seed: 4338483371184366153

3315 KristoblXynda the Carver (level 9, -5/81 HPs)
             Began as a White Draconian Gladiator on July 25, 2020.
             Was a Follower of Ashenzari.
             Slain by an orc warrior
             ... wielding a +0 flail
              (8 damage)
             ... on level 7 of the Dungeon.
             The game lasted 00:09:17 (8175 turns).

KristoblXynda the Carver (DrGl)                     Turns: 8175, Time: 00:09:18

Health: -5/81      AC: 10    Str: 17    XL:     9   Next: 70%
Magic:  18/18      EV: 16    Int: 17    God:    Ashenzari [*.....]
Gold:   431        SH:  0    Dex: 13    Spells: 8/8 levels left

rFire    . . .     SeeInvis .   h - +6 scimitar (curse)
rCold    + . .     Faith    .   (no shield)
rNeg     . . .     Spirit   .   (armour unavailable)
rPois    .         Reflect  .   b - +1 hat
rElec    +         Harm     .   B - +0 cloak
rCorr    .                      d - +0 pair of gloves
MR       .....                  (no boots)
Stlth    +.........             (no amulet)
HPRegen  0.23/turn              a - ring "Xiuxu" {rElec MR- Int+6 Slay+3} (curse)
MPRegen  0.16/turn              E - ring of magical power (curse)

@: no status effects
A: breathe frost, unfitting armour, cold resistance 1, cold-blooded, AC +7
a: Breathe Frost, Curse Item, Scrying, Renounce Religion


You were on level 7 of the Dungeon.
You worshipped Ashenzari.
Ashenzari was aware of your devotion.
You visited 2 branches of the dungeon, and saw 8 of its levels.

You collected 431 gold pieces.

Inventory:

Hand Weapons
 h - a cursed +6 scimitar (weapon)
 w - a +0 scimitar
Missiles
 c - 5 throwing nets (quivered)
Armour
 b - a +1 hat (worn)
 d - a +0 pair of gloves (worn)
 B - a +0 cloak (worn)
 D - a +0 buckler
Jewellery
 a - the cursed ring "Xiuxu" (left hand) {rElec MR- Int+6 Slay+3}
   (You found it on level 4 of the Dungeon)

   [ring of intelligence]

   It affects your intelligence (+6).
   It affects your accuracy and damage with ranged weapons and melee attacks
   (+3).
   It insulates you from electricity.
   It affects your resistance to hostile enchantments.
   It has a curse placed upon it.
 z - an uncursed amulet of magic regeneration
 E - a cursed ring of magical power (right hand)
Wands
 y - a wand of iceblast (3)
Scrolls
 j - a scroll of blinking
 k - a scroll of teleportation
 l - 3 scrolls of amnesia
 m - 3 scrolls of fog
 o - 2 scrolls of remove curse
 q - 3 scrolls of enchant weapon
Potions
 e - 3 potions of heal wounds
 f - a potion of cancellation
 g - 3 potions of berserk rage
 i - 4 potions of mutation
 n - 2 potions of might
 r - 3 potions of curing
 s - a potion of haste
 t - a potion of stabbing
 u - a potion of magic
 A - a potion of lignification {unknown}
 C - a potion of resistance


   Skills:
 + Level 7.8 Fighting
 * Level 10.1 Long Blades
 - Level 2.0 Throwing
 + Level 6.9 Dodging


You had 8 spell levels left.
You didn't know any spells.
Your spell library was empty.

Dungeon Overview and Level Annotations

Branches:
Dungeon (7/15)             Temple (1/1) D:5

Altars:
Ashenzari
Cheibriados
Dithmenos
Elyvilon
Fedhas
Gozag
Hepliaklqana
Kikubaaqudgha
Makhleb
Okawaru
Qazlal
Ru
Sif Muna
Trog
Uskayaw
Wu Jian
Xom
Yredelemnul
Zin
The Shining One

Annotations:
D:7 Maggie


Innate Abilities, Weirdness & Mutations

You can breathe waves of freezing cold.
You can buffet flying creatures when you breathe cold.
Your icy white scales are hard. (AC +7)
You cannot fit into any form of body armour.
Your flesh is cold resistant. (rC+)
You are cold-blooded and may be slowed by cold attacks.


Message History

The orc warrior closely misses you.
You riposte.
You slash the orc warrior!
The orc warrior is almost dead.
Unknown command.
You closely miss the orc warrior.
Your tail-slap misses the orc warrior.
The orc warrior is almost dead.
You hit the orc warrior.
The orc warrior is almost dead.
The orc warrior hits you with a +0 flail!
* * * LOW HITPOINT WARNING * * *
Evoke which item? (* to show all) (? for menu, Esc to quit)
Aiming: Iceblast
Press: ? - help, Shift-Dir - straight line, f - Maggie
Aim: Maggie, wielding a +3 long sword of holy wrath and wearing cursed +0 steam dragon scales The mass of ice explodes!
The iceblast engulfs Maggie!
Maggie is moderately wounded.
The iceblast engulfs the orc warrior.
The orc warrior is almost dead.
You hear a shout!
The orc warrior hits you with a +0 flail!
You die...

# # # .... #
.... . ..... #
... # ########o#
# #.....@).##.#
# #....@o)....#.
#
#####...).......
#
#<......########
# #####.#.# #
#.#... # #.#####
# ####.# #....#
######.##.#


You could see Maggie, an orc warrior and an orc wizard.

Vanquished Creatures
  Prince Ribbit (D:7)
  Grinder (D:5)
  An ice beast (D:5)
  3 orc warriors (D:6)
  4 phantoms
  A necrophage (D:6)
  4 ogres
  2 centaurs
  A scorpion (D:6)
  The ghost of Yermak the Skirmisher, a weakling PaSk (D:3)
  12 wights
  A bullfrog zombie (D:6)
  Crazy Yiuf (D:5)
  3 hounds
  A bullfrog skeleton (D:5)
  2 jellies
  2 orc priests
  2 centaur skeletons (D:6)
  Jessica (D:2)
  5 orc wizards
  Ijyb (D:5)
  3 iguanas
  4 worker ants
  2 hound zombies
  2 worker ant zombies
  5 adders
  5 gnolls
  A white imp (D:5)
  2 ufetubi
  2 oozes
  An adder zombie (D:3)
  2 worms
  A dart slug (D:1)
  6 leopard geckos
  40 orcs
  2 ball pythons (D:1)
  6 giant cockroaches
  5 goblins
  7 hobgoblins
  8 jackals
  3 quokkas
  4 bats
  4 frilled lizards
  A giant cockroach zombie (D:6)
  4 kobolds
  A quokka skeleton (D:6)
  8 rats
179 creatures vanquished.

Notes
Turn   | Place    | Note
-------+----------+-------------------------------------------
     0 | D:1      | KristoblXynda the Draconian Gladiator began the quest for
                  | the Orb.
     0 | D:1      | Reached XP level 1. HP: 17/17 MP: 1/1
    71 | D:1      | Reached XP level 2. HP: 25/25 MP: 2/2
   469 | D:1      | Reached XP level 3. HP: 27/30 MP: 3/3
  1217 | D:2      | Found an opulent altar of Gozag.
  1261 | D:2      | Found an iron altar of Okawaru.
  1270 | D:2      | Noticed Jessica
  1276 | D:2      | Killed Jessica
  1276 | D:2      | Reached skill level 4 in Long Blades
  1276 | D:2      | Reached XP level 4. HP: 23/38 MP: 4/4
  2122 | D:3      | Reached XP level 5. HP: 39/45 MP: 5/5
  2238 | D:3      | Found a shattered altar of Ashenzari.
  2289 | D:3      | Became a worshipper of Ashenzari the Shackled
  2495 | D:3      | Found a runed translucent gate.
  2495 | D:3      | Found a runed translucent gate.
  2495 | D:3      | Found a runed translucent gate.
  2495 | D:3      | Noticed Yermak's ghost (weakling PaSk)
  2527 | D:3      | Killed Yermak's ghost
  2741 | D:3      | Found a stormy altar of Qazlal.
  2852 | D:4      | Noticed a phantom
  2864 | D:3      | Reached skill level 5 in Long Blades
  3009 | D:4      | Found a snail-covered altar of Cheibriados.
  3031 | D:4      | Noticed a centaur
  3041 | D:4      | Killed a centaur
  3041 | D:4      | Reached XP level 6. HP: 18/52 MP: 6/6
  4031 | D:4      | Your scales start taking on an icy white colour.
  4031 | D:4      | Reached XP level 7. HP: 47/60 MP: 7/7
  4031 | D:4      | Gained mutation: Your flesh is cold resistant. (rC+) [White
                  | Draconian growth]
  4158 | D:4      | Reached skill level 6 in Long Blades
  4421 | D:4      | Identified the ring "Xiuxu" {rElec MR- Int+6 Slay+3}
  4548 | D:4      | Reached skill level 5 in Fighting
  4732 | D:4      | Reached skill level 7 in Long Blades
  5089 | D:5      | Entered Level 5 of the Dungeon
  5138 | D:4      | Reached skill level 5 in Dodging
  5361 | D:5      | Reached XP level 8. HP: 59/69 MP: 8/8
  5444 | D:5      | Found a staircase to the Ecumenical Temple.
  5455 | Temple   | Entered the Ecumenical Temple
  5640 | D:5      | Found a sacrificial altar of Ru.
  5716 | D:5      | Found a runed translucent door.
  5717 | D:5      | Noticed Crazy Yiuf
  5852 | D:5      | Noticed Ijyb
  5863 | D:5      | Killed Ijyb
  5943 | D:5      | Noticed Grinder
  5954 | D:5      | Killed Grinder
  6141 | D:5      | Reached skill level 8 in Long Blades
  6583 | D:5      | Killed Crazy Yiuf
  6897 | D:6      | Reached XP level 9. HP: 73/78 MP: 9/9
  6911 | D:6      | Reached * piety under Ashenzari
  6937 | D:6      | Reached skill level 9 in Long Blades
  8044 | D:7      | Reached skill level 10 in Long Blades
  8086 | D:7      | Found a shimmering altar of Xom.
  8157 | D:7      | Noticed Prince Ribbit
  8160 | D:7      | Killed Prince Ribbit
  8165 | D:7      | Noticed Maggie
  8174 | D:7      | HP: 3/81 [orc warrior/+0 flail (16)]
  8175 | D:7      | Slain by an orc warrior

Illustrated notes

Levels and vault maps discovered:
D:1:      nzn_arrival_water_spiral, layout_loops_cross, minmay_octomino_e4
D:2:      layout_loops_ring, okawaru_metal_pillars_1_2, grunt_gozag_breadcrumbs,
          st_stairs_12, kennysheep_small_spiral, uniq_jessica
D:3:      layout_basic, old_standard_altar, gammafunk_ghost_necromancy,
          ashenzari_altar_1
D:4:      minmay_general_purpose_star, layout_loops_ring, cheibriados_altar_1,
          hex_large, kennysheep_decorative_pillar
D:5:      layout_gridville, old_standard_altar, minmay_temple_entry_trees,
          uniq_crazy_yiuf_cottage, uniq_grinder, uniq_ijyb
D:6:      minmay_spotlight, layout_loops_ring
D:7:      layout_basic, nicolae_overflow_crystal_walls, sigmund_army,
          uniq_prince_ribbit1, uniq_maggie, uniq_harold
Temple:   dshaligram_water_room_temple

Skill      XL: |  1  2  3  4  5  6  7  8  9 |
---------------+----------------------------+-----
Throwing       | 2 |  2.0
Dodging        | 3 4 5 6 |  6.9
Fighting       | 3 4 5 6 7 |  7.8
Long Blades    | 4 5 7 8 10 | 10.1

Action                   |  1- 3 |  4- 6 |  7- 9 || total
-------------------------+-------+-------+-------++-------
Melee: Long sword        |    92 |   158 |       ||   250
       Tailslap          |    12 |    19 |    32 ||    63
       Scimitar          |       |    11 |   248 ||   259
Invok: Curse Item        |       |     1 |     1 ||     2
Evoke: Wand              |       |       |     2 ||     2
  Use: Scroll            |       |     7 |    13 ||    20
 Stab: Sleeping          |     1 |       |     3 ||     4
Armor: Skin              |    34 |    39 |    38 ||   111
Dodge: Dodged            |    75 |   124 |   154 ||   353
       Rpst.: Long sword |    24 |    38 |       ||    62
       Scimitar          |       |     3 |    58 ||    61

Table legend: (Time is in decaauts)
 A = Elapsed time spent in this place.
 B = Non-inter-level travel time spent in this place.
 C = Inter-level travel time spent in this place.
 D = Time resting spent in this place.
 E = Time spent auto-exploring this place.
 F = Levels seen in this place.
 G = Mean time per level.
                   A        B        C        D        E       F      G
               +--------+--------+--------+--------+--------+-----+--------+
         Total |   8229 |   7856 |    373 |   1672 |   4670 |   8 | 1028.6 |
       Dungeon |   8136 |   7783 |    353 |   1672 |   4601 |   7 | 1162.3 |
        Temple |     93 |     73 |     20 |      0 |     69 |   1 |   93.0 |
               +--------+--------+--------+--------+--------+-----+--------+

Top non-repeatable levels by time:
     D:4: 2326 daAuts
     D:5: 1419 daAuts
     D:6: 1213 daAuts
     D:3: 1189 daAuts
     D:2: 963 daAuts
     D:1: 884 daAuts
     D:7: 139 daAuts
  Temple: 93 daAuts
